Map: Moonlight Madness LE (Void)

Players

dozer - Winner!

  • Race: Zerg Zerg
  • League: Grandmaster

wabbajack

  • Race: Terran Terran
  • League: Grandmaster

VOD

Have the link to the VOD?

Description

Time

  • Played on: July 15, 2015, 2:47 p.m.
  • Length: 3:32
Show
View Real Time Build Order
Export as new Build Order

dozer Zerg - Winner!

Build Orders: Pool Only 

Get SALT Encoding   

  12  0:01  Drone  
  13  0:10  Extractor  
  12  0:34  Drone x2  
  14  0:38  Spawning Pool  
  13  0:44  Overlord  
  13  1:02  Drone  
  13  1:04  Drone  
  15  1:06  Drone  
  16  1:18  Drone  
  17  1:24  Queen  
  19  1:40  Zergling x4  
  19  1:42  Metabolic Boost  
  21  1:54  Zergling x2  
  21  2:00  Pneumatized Carapace  
  22  2:17  Overlord  
  22  2:24  Overlord  
  22  2:35  Zergling x4  
  24  2:41  Zergling x8  
  28  2:53  Zergling x2  
  28  3:11  Zergling x2  
Show
View Real Time Build Order
Export as new Build Order

wabbajack Terran 

Build Orders:  

Get SALT Encoding   

  12  0:01  SCV  
  13  0:13  SCV  
  14  0:18  Supply Depot  
  14  0:25  SCV  
  15  0:40  SCV  
  16  0:45  Barracks  
  16  0:52  SCV, Refinery  
  17  1:04  SCV  
  18  1:16  SCV  
  19  1:32  Marine  
  20  1:35  Supply Depot  
  20  1:36  Orbital Command  
  20  1:49  Command Center  
  20  1:54  Marine  
  21  2:05  SCV  
  22  2:12  Factory  
  22  2:14  Barracks Reactor  
  21  2:44  Command Center  
  21  2:51  Marine x2  
Tags
 
Add a new tag
Caveats
  • Supply blocks, unpowered buildings, or Contaminate may cause inaccurate times.
  • Supply counts are checked every 10 seconds.